 Dungeon Crawl Stone Soup version 0.19.0-2-gae57169 (webtiles) character file.

718 spe3d0 the Shield-Bearer (level 7, -1/35 HPs)
             Began as a Vine Stalker Fighter on Nov 6, 2016.
             Slain by Prince Ribbit (9 damage)
             ... on level 5 of the Dungeon.
             The game lasted 00:06:22 (4199 turns).

spe3d0 the Shield-Bearer (Vine Stalker Fighter)     Turns: 4199, Time: 00:06:22

Health: -1/35      AC:  8    Str: 18    XL:     7   Next: 70%
Magic:  0/8        EV:  8    Int:  8    God:
Gold:   152        SH: 10    Dex: 16    Spells: 0 memorised, 6 levels left

rFire  . . .     SeeInvis +     w - +0 rapier (drain)
rCold  . . .     Gourm    .     b - +0 scale mail
rNeg   . . .     Faith    .     c - +0 shield
rPois  .         Spirit   +     (no helmet)
rElec  .         Reflect  .     B - +0 cloak
rCorr  .         Harm     .     (no gloves)
MR     .....                    (no boots)
Stlth  ..........               (no amulet)
                                v - ring of see invisible
                                E - +1 ring of evasion

@: no status effects
A: fangs 2, regeneration 1, magic shield, antimagic bite, no device heal 3, rot
immunity
a: no special abilities


You were on level 5 of the Dungeon.
You were not hungry.

You visited 1 branch of the dungeon, and saw 5 of its levels.

You collected 152 gold pieces.


Innate Abilities, Weirdness & Mutations

You have extremely sharp teeth.
Your natural rate of healing is unusually fast.
When hurt, damage is shared between your health and your magic reserves.
Your bite disrupts and absorbs the magic of your enemies.
Potions and wands cannot restore your health.
You are immune to rotting.


   Skills:
 - Level 2.6 Fighting
 * Level 4.4 Short Blades
 * Level 4.5 Armour
 * Level 5.3 Shields


You had 6 spell levels left.
You didn't know any spells.

Inventory:

Hand Weapons
 a - a +0 rapier
 w - a +0 rapier of draining (weapon)
 I - a -3 short sword
Armour
 b - a +0 scale mail (worn)
 c - a +0 shield (worn)
 B - a +0 cloak (worn)
Magical Staves
 y - an uncursed staff of poison {unknown}
Jewellery
 m - an uncursed ring of protection from magic
 v - a ring of see invisible (right hand)
 E - a +1 ring of evasion (left hand)
 F - an uncursed ring of fire
 M - an uncursed ring of protection from magic
 Q - an uncursed ring of stealth
 W - an uncursed ring of magical power
Scrolls
 e - a scroll of noise {!r}
 g - 3 scrolls of enchant armour
 i - a scroll of immolation {!r}
 l - 4 scrolls of identify {@r1}
 n - 3 scrolls of remove curse {@r2}
 o - a scroll of fear
Potions
 h - a potion of agility {unknown}
 j - 4 potions of heal wounds {unknown}
 q - a potion of cure mutation {unknown}
 r - a potion of mutation {unknown}
 u - a potion of invisibility {unknown}
 A - 3 potions of lignification {unknown}
 C - a potion of degeneration {unknown}
 D - 2 potions of curing {unknown}
 G - a potion of resistance {unknown}
 H - a potion of berserk rage {unknown}
Books
 z - a book of Misfortune

   Spells                             Type                      Level
   a - Confusing Touch                Hexes                        1
   b - Confuse                        Hexes                        3
   c - Gell's Gravitas                Hexes/Translocation          3
   d - Petrify                        Transmutation/Earth          4
   e - Metabolic Englaciation         Hexes/Ice                    5
   f - Yara's Violent Unravelling     Hexes/Transmutation          5
Comestibles
 d - a slice of pizza {@e2}
 f - 4 bread rations {@e1}
 k - 3 chunks of flesh
 p - a beef jerky {@e2}
 s - 3 fruits {@e2}
 t - 5 meat rations {@e1}

Dungeon Overview and Level Annotations

Branches:
Dungeon (5/15)
 Temple: D:4-7

Altars:
Ru

Annotations:
D:5 Prince Ribbit

#.#.# #.# #.#.#
#.# #.#
#.#############
#.#
#.............#
#.#
#############.#
##.# #.# ...#
#.# ####
############.#
#..F@........#
#.############
#.# #s# #.##
##.# ....h...#
........#
.≈≈.....#


You could see Prince Ribbit.


Message History

Prince Ribbit's magic leaks into the air.
You drain his magic.
You feel invigorated.
Prince Ribbit is lightly wounded.
Prince Ribbit sighs, "It's not easy being green!"
You block Prince Ribbit's attack. x2
You miss Prince Ribbit.
Prince Ribbit is lightly wounded.
Prince Ribbit hits you!
* * * LOW HITPOINT WARNING * * *
A scorpion comes into view.
You closely miss Prince Ribbit.
Prince Ribbit is lightly wounded.
Prince Ribbit hits you.
* * * LOW HITPOINT WARNING * * *
You block Prince Ribbit's attack.
You hit Prince Ribbit. Your bite misses Prince Ribbit.
Prince Ribbit is moderately wounded.
Prince Ribbit blinks!
Unknown command.
Prince Ribbit blinks!
You miss Prince Ribbit.
Prince Ribbit is moderately wounded.
You block Prince Ribbit's attack.
You hit Prince Ribbit.
Prince Ribbit is moderately wounded.
Prince Ribbit hits you!
* * * LOW HITPOINT WARNING * * *
Prince Ribbit barely misses you. x2
Prince Ribbit hits you!
You die...

Skill      XL: |  1  2  3  4  5  6  7 |
---------------+----------------------+-----
Shields        | 3 4 5 |  5.3
Short Blades   | 2 3 4 |  4.4
Armour         | 3 4 |  4.5
Fighting       | |  2.6

Action                   |  1- 3 |  4- 6 |  7- 9 || total
-------------------------+-------+-------+-------++-------
Melee: Rapier            |   117 |   180 |    73 ||   370
       Bite              |    29 |    68 |    20 ||   117
  Use: Potion            |       |     1 |       ||     1
       Scroll            |       |     4 |     6 ||    10
  Eat: Chunk             |     1 |     8 |     2 ||    11
Armor: Scale mail        |    48 |    39 |    25 ||   112
Dodge: Dodged            |    37 |    49 |    21 ||   107
Block: Shield            |    64 |    75 |    33 ||   172

Vault maps used:
D:1:      dpeg_arrival_caged_fury
D:2:      hangedman_feature_mirror, supply_closet_lemuel,
          nicolae_ru_path_of_blood
D:3:      serial_park_tiny_2, uniq_terence, uniq_crazy_yiuf_cottage
D:4:      uniq_eustachio
D:5:      cheibrodos_helix_gallery, first_bread, uniq_prince_ribbit1

Notes
Turn   | Place    | Note
-------+----------+-------------------------------------------
     0 | D:1      | spe3d0 the Vine Stalker Fighter began the quest for the Orb.
     0 | D:1      | Reached XP level 1. HP: 11/11 MP: 2/2
     1 | D:1      | Found a runed door.
   154 | D:1      | Reached skill level 3 in Shields
   154 | D:1      | Reached XP level 2. HP: 16/16 MP: 3/3
   336 | D:1      | Reached skill level 2 in Short Blades
   683 | D:1      | Reached XP level 3. HP: 19/19 MP: 4/4
  1515 | D:2      | Gained mutation: Your natural rate of healing is unusually fast. [Vine Stalker growth]
  1515 | D:2      | Reached XP level 4. HP: 23/23 MP: 5/5
  1729 | D:2      | Found a sacrificial altar of Ru.
  2025 | D:2      | Reached skill level 3 in Armour
  2406 | D:3      | Noticed Terence
  2429 | D:3      | Killed Terence
  2429 | D:3      | Reached XP level 5. HP: 22/27 MP: 6/6
  2572 | D:3      | Reached skill level 4 in Shields
  3097 | D:3      | Found a runed door.
  3101 | D:3      | Noticed Crazy Yiuf
  3107 | D:3      | Killed Crazy Yiuf
  3107 | D:3      | Reached skill level 3 in Short Blades
  3412 | D:4      | Reached XP level 6. HP: 12/32 MP: 7/7
  3812 | D:4      | Noticed Eustachio
  3830 | D:4      | Killed Eustachio
  3830 | D:4      | Reached skill level 4 in Short Blades
  3830 | D:4      | Reached skill level 4 in Armour
  3830 | D:4      | Reached XP level 7. HP: 30/35 MP: 8/8
  3924 | D:5      | Entered Level 5 of the Dungeon
  4136 | D:5      | Noticed Prince Ribbit
  4158 | D:5      | Reached skill level 5 in Shields
  4199 | D:5      | Slain by Prince Ribbit

Vanquished Creatures
  Eustachio (D:4)
  A phantom (D:5)
  A howler monkey (D:5)
  2 hounds
  An orc priest (D:4)
  Crazy Yiuf (D:3)
  Terence (D:3)
  An iguana (D:4)
  2 orc wizards
  2 worker ants
  6 adders
  An ooze (D:4)
  An adder skeleton (D:3)
  6 worms
  A dart slug (D:1)
  2 leopard geckos
  12 orcs
  8 bats
  10 giant cockroaches
  6 goblins
  6 hobgoblins
  5 jackals
  5 kobolds
  2 quokkas
  2 ball pythons (D:3)
  4 frilled lizards
  A leopard gecko skeleton (D:4)
  6 rats
  A fungus (D:3)
98 creatures vanquished.
